Map: Ulrena

Players

ILLBdA - Winner!

  • Race: Protoss Protoss
  • League: Diamond

레미본야스키

  • Race: Terran Terran
  • League: Diamond

VOD

Have the link to the VOD?

Description

Time

  • Played on: Dec. 25, 2015, 9:29 a.m.
  • Length: 3:42
Show
View Real Time Build Order
Export as new Build Order

ILLBdA Protoss - Winner!

Build Orders: 1 Gate Expand 

Get SALT Encoding   

  12  0:01  Probe (Chrono Boost)  
  13  0:11  Probe (Chrono Boost)  
  14  0:20  Pylon  
  14  0:22  Probe (Chrono Boost)  
  15  0:38  Probe (Chrono Boost)  
  15  0:41  Gateway  
  16  0:44  Assimilator  
  16  0:49  Probe (Chrono Boost)  
  17  1:00  Probe (Chrono Boost)  
  18  1:10  Probe (Chrono Boost)  
  19  1:21  Probe (Chrono Boost)  
  20  1:28  Cybernetics Core  
  20  1:31  Probe (Chrono Boost)  
  21  1:39  Nexus  
  21  1:43  Assimilator  
  21  1:51  Pylon  
  21  1:53  Probe (Chrono Boost)  
  22  2:09  Mothership Core (Chrono Boost), Adept (Chrono Boost)  
  24  2:42  Stalker (Chrono Boost)  
  26  2:46  Probe  
  26  2:50  Probe  
  29  2:58  Twilight Council, Probe  
  29  3:14  Pylon  
  29  3:15  Pylon  
  31  3:21  Pylon  
  31  3:22  Probe  
Show
View Real Time Build Order
Export as new Build Order

레미본야스키 Terran 

Build Orders: Reaper Expand 

Get SALT Encoding   

  12  0:00  SCV  
  13  0:13  SCV  
  14  0:18  Supply Depot  
  14  0:25  SCV  
  15  0:39  SCV  
  15  0:41  Barracks  
  16  0:45  Refinery  
  16  0:52  SCV  
  17  1:04  SCV  
  18  1:16  SCV  
  19  1:28  Orbital Command  
  19  1:29  Reaper  
  20  1:44  Command Center  
  20  1:52  Supply Depot  
  20  1:53  SCV  
  21  2:06  Barracks Reactor  
  21  2:12  SCV  
  22  2:24  SCV  
  23  2:36  SCV  
  24  2:39  Factory  
  24  2:42  Refinery, Bunker  
  24  2:43  Marine x2  
  25  2:48  SCV  
  26  2:55  Orbital Command  
  26  3:01  Marine x2  
  26  3:05  Engineering Bay  
  27  3:19  Marine x2  
Tags
 
Add a new tag
Caveats
  • Supply blocks, unpowered buildings, or Contaminate may cause inaccurate times.
  • Supply counts are checked every 10 seconds.